 Dungeon Crawl Stone Soup version 0.24.0-123-gd5b16e6ec5 (webtiles) character file.

Game seed: 6934002726135254371, levelgen mode: deterministic

5314 Loregard the Covert (level 10, -4/49 HPs)
             Began as a Vine Stalker Venom Mage on Feb 12, 2020.
             Was a Priest of Qazlal.
             Slain by a killer bee (6 damage)
             ... on level 8 of the Dungeon on Feb 13, 2020.
             The game lasted 02:14:00 (7548 turns).

Loregard the Covert (Vine Stalker Venom Mage)       Turns: 7548, Time: 02:14:01

Health: -4/49      AC: 10    Str: 18    XL:     10   Next: 64%
Magic:  0/18       EV: 13    Int: 16    God:    Qazlal [***...]
Gold:   151        SH:  4    Dex: 21    Spells: 1/19 levels left

rFire    . . .     SeeInvis +   a - +3 flail (crush)
rCold    . . .     Gourm    .   (no shield)
rNeg     . . .     Faith    .   h - +0 ring mail
rPois    .         Spirit   +   B - +0 helmet
rElec    .         Reflect  .   i - +2 cloak
rCorr    .         Harm     .   (no gloves)
MR       +....                  (no boots)
Stlth    +++.......             (no amulet)
HPRegen  0.56/turn              v - ring of see invisible
MPRegen  0.16/turn              C - +6 ring of dexterity

@: mighty, lethally poisoned (-4 -> -5)
A: fangs 3, regeneration 1, magic shield, antimagic bite, no potion heal 3, rot
immunity
a: Upheaval, Elemental Force, Renounce Religion


You were on level 8 of the Dungeon.
You worshipped Qazlal.
Qazlal was most pleased with you.
You were not hungry.

You visited 1 branch of the dungeon, and saw 8 of its levels.
You also visited: Sewer.

You collected 416 gold pieces.
You spent 265 gold pieces at shops.

Inventory:

Hand Weapons
 a - a +3 flail of crushing (weapon)
 E - a +1 flail of venom
 G - a +0 morningstar
Missiles
 b - 27 poisoned darts (quivered)
 g - 210 stones
 m - 60 sling bullets
 q - 4 datura-tipped darts
 D - 47 arrows
Armour
 h - a +0 ring mail (worn)
 i - a +2 cloak (worn)
 B - a +0 helmet (worn)
Magical Staves
 H - an uncursed staff of wizardry
Jewellery
 e - an uncursed amulet of harm
 v - a ring of see invisible (left hand)
 y - an uncursed ring of ice
 C - a +6 ring of dexterity (right hand)
Wands
 w - a wand of iceblast (2)
 F - a wand of random effects (19)
Scrolls
 d - 2 scrolls of magic mapping
 k - 3 scrolls of amnesia
 l - 4 scrolls of teleportation
 o - 5 scrolls of remove curse
 p - a scroll of immolation
 r - a scroll of silence {unknown}
 t - a scroll of fog
Potions
 j - 10 potions of curing
 n - 4 potions of brilliance
 s - a potion of lignification
 u - a potion of mutation {unknown}
 x - 2 potions of agility
 z - a potion of flight {unknown}
 A - a potion of haste
Comestibles
 c - 5 rations
 I - 7 chunks of flesh


   Skills:
 - Level 4.0 Fighting
 - Level 4.0 Maces & Flails
 + Level 3.7 Armour
 - Level 3.2 Dodging
 - Level 9.0 Stealth
 - Level 5.0 Spellcasting
 - Level 5.0 Conjurations
 - Level 5.6 Poison Magic
 - Level 5.0 Invocations
 - Level 4.0 Evocations


You had one spell level left.
You knew the following spells:

 Your Spells              Type           Power        Failure   Level  Hunger
a - Sting                 Conj/Pois      ###.         3%          1    None
b - Mephitic Cloud        Conj/Pois/Air  ###.....     19%         3    ###....
c - Spider Form           Tmut/Pois      ##........   26%         3    ###....
d - Olgreb's Toxic Radia  Pois           ###.....     26%         4    ####...
e - Sticks to Snakes      Tmut           #.......     36%         2    #......
f - Venom Bolt            Conj/Pois      ###.......   63%         5    ######.

Your spell library contained the following spells:

 Spells                   Type           Power        Failure   Level  Hunger
 Beastly Appendage        Tmut           #.....       26%         1    None
 Confusing Touch          Hex            #.....       26%         1    None
 Summon Small Mammal      Summ           #...         26%         1    None
 Poisonous Vapours        Pois/Air       ##....       13%         2    #......
 Call Imp                 Summ           #.......     36%         2    #......
 Call Canine Familiar     Summ           #.......     61%         3    ###....
 Confuse                  Hex            #.......     61%         3    ###....
 Gell's Gravitas          Tloc           #.........   61%         3    ###....
 Summon Guardian Golem    Hex/Summ       #.......     61%         3    ###....
 Ice Form                 Ice/Tmut       #.......     95%         4    ####...
 Petrify                  Tmut/Erth      #.......     95%         4    ####...
 Summon Ice Beast         Ice/Summ       #.......     95%         4    ####...
 Summon Lightning Spire   Summ/Air       #.......     95%         4    ####...
 Blade Hands              Tmut           #.........   100%        5    ######.
 Metabolic Englaciation   Hex/Ice        #.........   100%        5    ######.
 Yara's Violent Unravell  Hex/Tmut       #.........   100%        5    ######.


Dungeon Overview and Level Annotations

Branches:
Dungeon (8/15)             Temple (0/1) D:7           Sewer (visited)
   Lair: D:8-11

Altars:
Dithmenos
Elyvilon
Fedhas
Gozag
Hepliaklqana
Nemelex Xobeh
Qazlal
Trog
Uskayaw
Xom
Yredelemnul

Shops:
D:6 ?


Innate Abilities, Weirdness & Mutations

You have razor-sharp teeth.
Your natural rate of healing is unusually fast.
When hurt, damage is shared between your health and your magic reserves.
Your bite disrupts and absorbs the magic of your enemies.
Potions cannot restore your health.
You are immune to rotting.


Message History

* * * LOW HITPOINT WARNING * * *
You feel very mighty all of a sudden. You block the queen bee's attack.
You hit the queen bee.
The queen bee is almost dead.
You feel sick. The queen bee closely misses you. The queen bee stings you!
* * * LOW HITPOINT WARNING * * *
You hit the queen bee. You bite the queen bee.
You kill the queen bee!
Qazlal accepts your kill. The killer bee misses you.
Casting: Sting (safe; 3% risk of failure)
Confirm with . or Enter, or press ? or * to list all spells.
Aiming: Sting (safe; 3% risk of failure)
Press: ? - help, Shift-Dir - straight line, f - killer bee
Aim: a killer bee The sting misses the killer bee.
The killer bee stings you.
* * * LOW HITPOINT WARNING * * *
The killer bee stings you.
You die...

###########
#.........#
#.........#
#.........######
###..............#
รท...........####.#
###..............#
#.........####.#
#.........# #@#
#.........# #y# #
########### #.# #
#.# . #.# .# #)# .#
).. .# #..## #..#


You could see a killer bee.

Vanquished Creatures
  A two-headed ogre (D:8)
  A queen bee (D:8)
  A hippogriff (D:4)
  Sigmund (D:4)
  A hungry ghost (D:7)
  3 sky beasts
  2 black bears
  4 phantoms
  5 ogres
  3 centaurs
  3 bullfrogs
  A scorpion (D:7)
  17 killer bees (D:8)
  2 howler monkeys (D:7)
  4 wights (D:7)
  3 crimson imps
  6 orc priests
  A jelly (D:6)
  A bullfrog skeleton (D:4)
  3 hounds (D:5)
  7 orc wizards
  Jessica (D:2)
  Natasha (D:3)
  4 worker ants
  A hound zombie (D:7)
  A hound skeleton (D:6)
  A worker ant zombie (D:6)
  2 howler monkey skeletons
  17 adders
  7 river rats (Sewer)
  A shadow imp (D:8)
  An adder zombie (D:7)
  An adder skeleton (D:4)
  5 worms
  3 dart slugs
  6 leopard geckos
  38 orcs
  4 bats
  9 giant cockroaches
  5 goblins
  8 hobgoblins
  10 jackals
  3 quokkas
  3 ball pythons
  A ball python skeleton (D:5)
  7 frilled lizards
  23 kobolds
  A leopard gecko zombie (D:7)
  20 rats
254 creatures vanquished.

Vanquished Creatures (collateral kills)
  A hungry ghost (D:7)
  An adder (D:7)
2 creatures vanquished.

Grand Total: 256 creatures vanquished

Notes
Turn   | Place    | Note
-------+----------+-------------------------------------------
     0 | D:1      | Loregard the Vine Stalker Venom Mage began the quest for
                  | the Orb.
     0 | D:1      | Reached XP level 1. HP: 9/9 MP: 4/4
     0 | D:1      | Maces/Flails
     0 | D:1      | Slings
     0 | D:1      | Poison + Conj
     0 | D:1      | Next : Meph
   202 | D:1      | Reached skill level 1 in Fighting
   270 | D:1      | Reached XP level 2. HP: 11/14 MP: 4/6
   356 | D:1      | Reached skill level 1 in Armour
   482 | D:1      | Reached skill level 3 in Stealth
   643 | D:1      | Reached XP level 3. HP: 17/18 MP: 1/7
   884 | D:2      | Learned a level 3 spell: Mephitic Cloud
   884 | D:2      | Next Spell: Venom Bolt
   905 | D:2      | Found a faded altar of an unknown god.
   913 | D:2      | Became a worshipper of Qazlal Stormbringer
   913 | D:2      | Reached * piety under Qazlal
   973 | D:2      | Noticed Jessica
   981 | D:2      | Killed Jessica
   981 | D:2      | Reached skill level 1 in Invocations
   981 | D:2      | Gained mutation: Your natural rate of healing is unusually
                  | fast. [Vine Stalker growth]
   981 | D:2      | Reached XP level 4. HP: 9/22 MP: 1/8
  1198 | D:2      | Reached skill level 1 in Maces & Flails
  1354 | D:2      | Found an opulent altar of Gozag.
  1355 | D:2      | Found a sparkling altar of Nemelex Xobeh.
  1820 | D:3      | Found a hazy altar of Hepliaklqana.
  2051 | D:3      | Found a stormy altar of Qazlal.
  2054 | D:3      | Found a blossoming altar of Fedhas.
  2073 | D:3      | Reached XP level 5. HP: 26/26 MP: 2/9
  2215 | D:3      | Reached ** piety under Qazlal
  2318 | D:3      | Noticed Natasha
  2359 | D:3      | Killed Natasha
  2382 | D:3      | Reached skill level 4 in Stealth
  2382 | D:3      | Reached XP level 6. HP: 29/30 MP: 2/10
  2421 | D:3      | Learned a level 5 spell: Venom Bolt
  2421 | D:3      | Next Spell : Olgreb TR
  2649 | D:3      | Reached skill level 1 in Evocations
  2808 | D:4      | Noticed a hippogriff
  2828 | D:4      | HP: 2/45 [hippogriff (1)]
  2832 | D:4      | Killed a hippogriff
  2832 | D:4      | Reached XP level 7. HP: 2/35 MP: 5/11
  2929 | D:4      | Found a basalt altar of Yredelemnul.
  3299 | D:4      | Noticed Sigmund
  3313 | D:4      | Killed Sigmund
  3313 | D:4      | Gained mutation: You have razor-sharp teeth. [Vine Stalker
                  | growth]
  3313 | D:4      | Reached XP level 8. HP: 39/39 MP: 13/13
  3571 | D:4      | Learned a level 4 spell: Olgreb's Toxic Radiance
  3571 | D:4      | Next Spell: S T S
  3574 | D:5      | Entered Level 5 of the Dungeon
  3574 | D:5      | Found a bloodstained altar of Trog.
  3704 | D:5      | Reached skill level 5 in Stealth
  3865 | D:5      | Found a glowing drain.
  3879 | Sewer    | Entered a sewer
  3933 | Sewer    | Reached skill level 6 in Stealth
  3955 | Sewer    | HP: 2/40 [kobold/+0 short sword (5)]
  3992 | Sewer    | Reached *** piety under Qazlal
  4691 | D:6      | Learned a level 2 spell: Sticks to Snakes
  4768 | D:6      | Reached XP level 9. HP: 35/44 MP: 8/16
  4931 | D:6      | Next Spell: Spider Form
  5106 | D:6      | Found a white marble altar of Elyvilon.
  5408 | D:6      | Found Puraenu's Magic Scroll Shop.
  5519 | D:6      | Found a shimmering altar of Xom.
  5773 | D:6      | Bought a scroll of identify for 20 gold pieces
  5773 | D:6      | Bought a scroll of identify for 20 gold pieces
  5773 | D:6      | Bought a scroll of identify for 20 gold pieces
  5777 | D:6      | Bought a scroll of teleportation for 30 gold pieces
  5777 | D:6      | Bought a scroll of magic mapping for 35 gold pieces
  5777 | D:6      | Bought a scroll of teleportation for 30 gold pieces
  5777 | D:6      | Bought a scroll of enchant armour for 75 gold pieces
  5777 | D:6      | Bought a scroll of magic mapping for 35 gold pieces
  5824 | D:7      | Reached skill level 7 in Stealth
  6033 | D:7      | Found a staircase to the Ecumenical Temple.
  6088 | D:7      | Found a hide-covered altar of Uskayaw.
  6670 | D:7      | Reached skill level 8 in Stealth
  6725 | D:7      | Reached XP level 10. HP: 48/49 MP: 10/17
  6744 | D:7      | Learned a level 3 spell: Spider Form
  6799 | D:7      | Reached skill level 5 in Spellcasting
  6811 | D:7      | Found a shadowy altar of Dithmenos.
  7025 | D:8      | Next Spell: Confuse
  7114 | D:8      | Reached skill level 5 in Conjurations
  7156 | D:8      | Noticed a two-headed ogre
  7181 | D:8      | Killed a two-headed ogre
  7181 | D:8      | Reached skill level 5 in Poison Magic
  7411 | D:8      | Reached skill level 5 in Invocations
  7525 | D:8      | Reached skill level 9 in Stealth
  7548 | D:8      | HP: 2/49 [killer bee (5)]
  7548 | D:8      | Slain by a killer bee

Levels and vault maps discovered:
D:1:      minmay_arrival_nine_rooms, layout_basic
D:2:      layout_loops_cross, grunt_temple_overflow_opulence,
          chequers_ecumenical_altar_simple, minmay_large_rounded_square,
          minmay_misc_feat_diagonals, uniq_jessica
D:3:      layout_basic, grunt_temple_overflow_forces_of_nature,
          lemuel_crystal_altar, first_ration, eino_tiny_chamber, uniq_natasha
D:4:      layout_cave_pools, lemuel_round_altar, uniq_sigmund
D:5:      layout_rooms, lemuel_round_altar, portal_sewer_entry_d
D:6:      layout_basic, kennysheep_mini_moat, old_standard_altar, serial_shops,
          nicolae_shop_behind_doors, patterned_corridor
D:7:      layout_basic, eat_drink_and_be_merry_uskayaw,
          minmay_temple_entry_trees, grunt_dithmenos_shadows
D:8:      layout_loops_ring, ashenzari_altar_1, kennysheep_mini,
          lair_entry_dummy, serial_bayou_pond_d, david_nohive_1

Skill      XL: |  1  2  3  4  5  6  7  8  9 10 |
---------------+-------------------------------+-----
Fighting       | 1 2 3 4 |  4.0
Armour         | 1 2 3 |  3.7
Stealth        | 3 4 6 8 9 |  9.0
Invocations    | 1 2 3 4 5 |  5.0
Maces & Flails | 1 2 3 4 |  4.0
Conjurations   | 2 3 4 5 |  5.0
Evocations     | 3 4 |  4.0
Dodging        | 2 3 |  3.2
Spellcasting   | 3 4 5 |  5.0
Poison Magic   | 4 5 |  5.6

Action                   |  1- 3 |  4- 6 |  7- 9 | 10-12 || total
-------------------------+-------+-------+-------+-------++-------
Melee: Spear             |    22 |       |       |       ||    22
       Bite              |     3 |    26 |   102 |    15 ||   146
       Club              |    10 |    38 |       |       ||    48
       Mace              |       |    52 |     9 |       ||    61
       Flail             |       |       |   229 |    64 ||   293
       Morningstar       |       |       |   109 |       ||   109
       Unarmed           |       |       |       |    16 ||    16
Throw: Dart              |     3 |     7 |       |       ||    10
 Cast: Sting             |    36 |    93 |   197 |    46 ||   372
       Mephitic Cloud    |       |     1 |     3 |     3 ||     7
       Sticks to Snakes  |       |       |     3 |     1 ||     4
       Spider Form       |       |       |       |     1 ||     1
Invok: Upheaval          |       |     2 |     7 |     3 ||    12
       Elemental Force   |       |       |     3 |       ||     3
Evoke: Wand              |       |       |     2 |       ||     2
  Use: Scroll            |       |     9 |    13 |     3 ||    25
       Potion            |       |     4 |     1 |     4 ||     9
 Stab: Sleeping          |    11 |       |       |       ||    11
       Distracted        |       |       |       |     1 ||     1
       Confused          |       |       |       |     1 ||     1
  Eat: Chunk             |       |     8 |    12 |       ||    20
       Ration            |       |       |     3 |     1 ||     4
Armor: Robe              |     4 |       |       |       ||     4
       Leather armour    |     5 |    29 |    14 |       ||    48
       Ring mail         |       |       |   111 |    25 ||   136
       Skin              |       |       |       |     4 ||     4
Dodge: Dodged            |    14 |    90 |   235 |    68 ||   407
Block: Other             |       |     9 |    48 |    17 ||    74
